AoeStats
← chyichyi

Golden Pit

510267981Analyzed
1v1 RM · 10h ago on Sep 30, 2026· 36m 8s· 2 players
Game mode
Random Map
Map size
Tiny (2 player)
Population
200
Speed
Normal
Resources
Standard
Victory
Conquest
Starting age
Dark Age
Ending age
Imperial Age
RankedLock teamsTeams togetherTeam positionsShared explorationLock speedFull tech treeHidden civsTurbo modeCheats
Victory
Defeat
🇹🇼 Celts · Taiwan
885
+16
🇺🇸 Bohemians · United States
879
-16
Kang
0:44 Loom
12:08 Feudal Age
13:25 Wheelbarrow
12:37 Double-Bit Axe
16:25 Town Watch
20:37 Castle Age
19:54 Horse Collar
chyichyi
8:45 Loom
10:51 Feudal Age
11:41 Man-at-Arms
12:36 Gold Mining
12:33 Double-Bit Axe
12:43 Arson
15:01 Wheelbarrow
22:07 Castle Age
20:55 Scale Mail Armor
21:06 Forging
21:47 Horse Collar
22:11 Stone Mining
23:07 Gambesons
22:43 Long Swordsman
24:26 Chain Mail Armor
27:47 Iron Casting
26:53 Pikeman
28:30 Fletching
28:51 Bow Saw
31:25 Bodkin Arrow
32:38 Hand Cart
Connection lost

Rejoining the realm…

Still unreachable

The connection could not be restored.

Session expired

The server has moved on; the page needs a fresh start.